 Dungeon Crawl Stone Soup version bcrawl-1.18.1 (webtiles) character file.

Game seed: 64170905674649451

391 JackS81 the Cudgeler (level 6, 0/36 HPs)
             Began as a Vine Stalker Monk on Nov 14, 2019.
             Killed by nerve-wracking pain
             ... invoked by an orc priest
              (8 damage)
             ... on level 4 of the Dungeon on Nov 15, 2019.
             The game lasted 00:25:55 (3236 turns).

JackS81 the Cudgeler (Vine Stalker Monk)            Turns: 3236, Time: 00:25:56

Health: 0/36       AC:  5    Str: 13    XL:     6   Next: 80%
Magic:  0/8        EV: 16    Int: 10    God:
Gold:   300        SH:  0    Dex: 19    Spells: 4/7 levels left

rFire    + . .     SeeInvis .   v - +0 whip
rCold    . . .     Gourm    .   (no shield)
rNeg     . . .     Faith    .   b - +0 robe
rPois    .         Spirit   +   c - +0 hat
rElec    .         Reflect  .   i - scarf {Spirit}
rCorr    .         Harm     .   z - +2 pair of gloves
MR       .....                  (no boots)
Stlth    +++.......             l - amulet of magic regeneration (curse)
HPRegen  0.52/turn              j - ring of protection from fire
MPRegen  0.36/turn              (no ring)

@: no status effects
A: fangs 3, regeneration 1, no potion heal 3, rot immunity, strong jaws
a: no special abilities


You were on level 4 of the Dungeon.
You were very hungry.

You visited 1 branch of the dungeon, and saw 4 of its levels.

You collected 300 gold pieces.

Inventory:

Hand Weapons
 a - a +0 mace
 v - a +0 whip (weapon)
 w - a +2 dagger of venom
 x - a +0 hunting sling
Missiles
 s - 130 bolts
 y - 169 sling bullets
 A - 69 poisoned tomahawks (quivered)
Armour
 b - a +0 robe (worn)
 c - a +0 hat (worn)
 i - a scarf of spirit shield (worn)
 z - a +2 pair of gloves (worn)
Jewellery
 d - an uncursed amulet of guardian spirit
 j - a ring of protection from fire (left hand)
 l - a cursed amulet of magic regeneration (around neck)
Wands
 o - a wand of polymorph (5)
Scrolls
 e - 2 scrolls of immolation {unknown}
 g - 2 scrolls of amnesia {unknown}
 h - 4 scrolls of teleportation {unknown}
 k - a scroll of fog {unknown}
 m - 4 scrolls of identify {unknown}
 n - a scroll of remove curse {unknown}
 r - a scroll of enchant weapon {unknown}
 t - a scroll of enchant armour {unknown}
 u - a scroll of magic mapping {unknown}
Potions
 p - a potion of heal wounds
 q - a potion of degeneration {unknown}
Comestibles
 f - 9 rations {!d}


   Skills:
 - Level 2.6 Fighting
 * Level 5.0 Maces & Flails
 - Level 5.0 Dodging
 + Level 3.9 Stealth
 - Level 1.0 Spellcasting
 * Level 0.5 Conjurations
 * Level 0.4 Translocations
   Level 2.0 Invocations


You had 4 spell levels left.
You knew the following spells:

 Your Spells              Type           Power        Failure   Level  Hunger
a - Magic Dart            Conj           #...         28%         1    ##.....
b - Blink                 Tloc           N/A          41%         2    ###....

Your spell library contained the following spells:

 Spells                   Type           Power        Failure   Level  Hunger
 Call Imp                 Summ           #.....       45%         2    ###....
 Conjure Flame            Conj/Fire      #.......     67%         3    ####...
 Mephitic Cloud           Conj/Pois/Air  #.......     67%         3    ####...
 Spider Form              Tmut/Pois      #..          71%         3    ####...


Dungeon Overview and Level Annotations

Branches:
Dungeon (4/12)
 Temple: D:4-7

Altars:
Fedhas


Innate Abilities, Weirdness & Mutations

You have razor-sharp teeth.
Your natural rate of healing is unusually fast.
Potions cannot restore your health.
You are immune to rotting.
Your bites deal extra damage.


Message History

The orc priest is heavily wounded.
The orc priest calls down the wrath of Beogh upon you.
Beogh smites you!
* * * LOW HITPOINT WARNING * * *
You hit the orc priest but do no damage.
The orc priest is heavily wounded.
You are feeling very hungry.
You hit the orc priest but do no damage.
You bite the orc priest, but do no damage.
The orc priest is heavily wounded.
The orc priest misses you.
You hit the orc priest.
You bite the orc priest, but do no damage.
The orc priest is severely wounded.
The orc priest closely misses you.
You hit the orc priest but do no damage.
The orc priest is severely wounded.
The orc priest calls down the wrath of Beogh upon you.
Pain shoots through your body!
You die...

##########.........#
#..........######..##
#####..........## #..#.
................# #..#.
................# #..#.
#....####..# #....
<......##.####..#####..##
..###..#.o...#..#......#
#.##@#.#....#.###..# h.
#.#รท###....# #..# ...
#.#......o.# #..# ...
#.######o..# #..# #...
#..........# #..#
#####......# #...
#.#..#.# ##.# #....#.##
#.# ###.##..# #.#.


You could see an orc priest.

Vanquished Creatures
  A scorpion (D:4)
  A hound (D:4)
  An orc priest (D:3)
  An iron imp (D:3)
  Ijyb (D:3)
  Terence (D:2)
  An orc wizard (D:4)
  3 gnolls (D:3)
  2 adders
  2 oozes (D:1)
  3 worms
  A dart slug (D:3)
  6 leopard geckos
  17 orcs
  3 giant cockroaches
  4 goblins
  9 hobgoblins
  5 jackals
  16 kobolds
  A ball python (D:3)
  7 bats
  2 frilled lizards
  7 rats
95 creatures vanquished.

Notes
Turn   | Place    | Note
-------+----------+-------------------------------------------
     0 | D:1      | JackS81 the Vine Stalker Monk began the quest for the Orb.
     0 | D:1      | Reached XP level 1. HP: 13/13 MP: 3/3
    96 | D:1      | Reached XP level 2. HP: 18/18 MP: 4/4
   315 | D:1      | Reached XP level 3. HP: 19/22 MP: 3/5
  1019 | D:2      | Reached XP level 4. HP: 24/27 MP: 4/6
  1074 | D:2      | Learned a level 1 spell: Magic Dart
  1077 | D:2      | Learned a level 2 spell: Blink
  1544 | D:3      | Noticed Ijyb
  1568 | D:3      | Killed Ijyb
  1622 | D:3      | Reached XP level 5. HP: 31/31 MP: 7/7
  1656 | D:3      | Noticed Terence
  1738 | D:2      | Killed Terence
  1967 | D:3      | Noticed a phantom
  2017 | D:3      | Noticed Grinder
  2069 | D:3      | Gained mutation: You have razor-sharp teeth. [Vine Stalker
                  | growth]
  2069 | D:3      | Reached XP level 6. HP: 29/36 MP: 8/8
  2106 | D:3      | Paralysed by Grinder for 4 turns
  2117 | D:3      | Noticed Grinder
  2117 | D:3      | Grinder changed into Grinder the iron imp
  2231 | D:3      | Killed Grinder the iron imp
  2476 | D:3      | Found a blossoming altar of Fedhas.
  3101 | D:4      | Reached skill level 5 in Maces & Flails
  3115 | D:4      | Reached skill level 5 in Dodging
  3183 | D:4      | Reached skill level 1 in Spellcasting
  3236 | D:4      | Killed from afar by an orc priest

Skill      XL: |  1  2  3  4  5  6 |
---------------+-------------------+-----
Maces & Flails | 3 4 5 |  5.0
Dodging        | 4 5 |  5.0
Spellcasting   | 1 |  1.0
Fighting       | |  2.6
Stealth        | |  3.9
Conjurations   | |  0.5
Translocations | |  0.4
Invocations    | |  2.0

Action                   |  1- 3 |  4- 6 || total
-------------------------+-------+-------++-------
Melee: Mace              |    99 |    28 ||   127
       Bite              |     9 |    50 ||    59
       Whip              |       |   351 ||   351
       Unarmed           |       |     2 ||     2
 Cast: Magic Dart        |       |    12 ||    12
Evoke: Wand              |       |     1 ||     1
  Use: Potion            |       |     3 ||     3
 Stab: Sleeping          |     7 |     1 ||     8
       Distracted        |       |     1 ||     1
  Eat: Chunk             |       |     8 ||     8
Armor: Robe              |    22 |    36 ||    58
Dodge: Dodged            |    75 |   248 ||   323
